TOP OF THE 1ST |
Rice University Owls batting - Pitching for Fresno State University Bulldogs : RHP Melvin Palacios
|
Pitching: RHP Melvin Palacios
|
|
Batting: RHB Caleb Mercer
|
0-0: Foul Ball, location: 2F 0-1: Ball 1-1: Ball 2-1: Foul Ball, location: 2F 2-2: Foul Ball, location: 2F 2-2: Ball 3-2: DOUBLE (Line Drive, 3D, EV 103.8 MPH)
|
Batting: RHB Allen Jarvis
|
0-0: Called Strike 0-1: Ball 1-1: Fly out, F8 (Flyball, 8RM, EV 86.2 MPH)
|
Batting: SHB Ken Wilson
|
0-0: Fly out, F7 (Flyball, 78S, EV 93.8 MPH)
|
Batting: SHB Dave Van Sickle
|
0-0: Called Strike 0-1: SINGLE (Flyball, 78S, EV 91.2 MPH) Caleb Mercer to third Runner from 3rd tries for Home, SAFE, throw by CF to home
|
Batting: RHB Neil Worth
|
0-0: Ball 1-0: Called Strike 1-1: Foul Ball, location: 2F 1-2: Fielders Choice at 2nd, 6-4 (Groundball, 6, EV 93.8 MPH)
|
Top of the 1st over - 1 run, 2 hits, 0 errors, 1 left on base; Rice University 1 - Fresno State University 0 |
BOTTOM OF THE 1ST |
Fresno State University Bulldogs batting - Pitching for Rice University Owls : RHP Frank Renteria
|
Pitching: RHP Frank Renteria
|
|
Batting: RHB Sinfronio Carreon
|
0-0: Ground out 4-3 (Groundball, 4, EV 78.1 MPH)
|
Batting: LHB Ollie Strauss
|
0-0: Ball 1-0: Ball 2-0: Ball 3-0: Called Strike 3-1: Swinging Strike 3-2: Foul Ball, location: 2F 3-2: Foul Ball, location: 2F 3-2: Strikes out swinging
|
Batting: SHB Carlton Stannard
|
0-0: Ball 1-0: Hit by Pitch
|
Batting: LHB Abraham Batista
|
0-0: Ball 1-0: Ball 2-0: Called Strike 2-1: Foul Ball, location: 2F 2-2: Reached on error, E1 (Groundball, 15S, EV 63.1 MPH) Carlton Stannard to third
|
Batting: RHB Danilo Baldia
|
0-0: Ball 1-0: Called Strike 1-1: Foul Ball, location: 2F 1-2: Strikes out looking
|
Bottom of the 1st over - 0 runs, 0 hits, 1 error, 2 left on base; Rice University 1 - Fresno State University 0 |
TOP OF THE 2ND |
Rice University Owls batting - Pitching for Fresno State University Bulldogs : RHP Melvin Palacios
|
Batting: RHB Javier Quinones
|
0-0: Swinging Strike 0-1: Ball 1-1: Foul Ball, location: 2F 1-2: Ball 2-2: Fly out, F5 (Line Drive, 5L, EV 72.5 MPH)
|
Batting: RHB Bill Turcotte
|
0-0: Swinging Strike 0-1: Fly out, F8 (Flyball, 89M, EV 74.4 MPH)
|
Batting: RHB Emanuel Pulido
|
0-0: Ball 1-0: Swinging Strike 1-1: Ball 2-1: Foul Ball, location: 2F 2-2: Foul Ball, location: 2F 2-2: Ball 3-2: Ground out 4-3 (Groundball, 4, EV 76.9 MPH)
|
Top of the 2nd over - 0 runs, 0 hits, 0 errors, 0 left on base; Rice University 1 - Fresno State University 0 |
BOTTOM OF THE 2ND |
Fresno State University Bulldogs batting - Pitching for Rice University Owls : RHP Frank Renteria
|
Batting: LHB Brad Benanti
|
0-0: Ball 1-0: Ball 2-0: Ball 3-0: Base on Balls
|
Batting: RHB Tony Nowak
|
0-0: Ball 1-0: Foul Ball, location: 2F 1-1: Ball 2-1: Swinging Strike 2-2: Foul Ball, location: 2F 2-2: Ball 3-2: Strikes out swinging Brad Benanti is caught stealing 2nd base 2-4 Batter strikes out.
|
Batting: LHB Moktar Ame
|
0-0: Foul Ball, location: 2F 0-1: Foul Ball, location: 2F 0-2: SINGLE (Groundball, 5S, EV 65.6 MPH) (infield hit)
|
Batting: RHB Charles Shaw
|
0-0: Fielders Choice at 2nd, U6 (Groundball, 6M, EV 88.1 MPH)
|
Bottom of the 2nd over - 0 runs, 1 hit, 0 errors, 1 left on base; Rice University 1 - Fresno State University 0 |
TOP OF THE 3RD |
Rice University Owls batting - Pitching for Fresno State University Bulldogs : RHP Melvin Palacios
|
Batting: LHB Dejenie Mensah
|
0-0: Called Strike 0-1: Ball 1-1: Foul Ball, location: 2F 1-2: Ground out 6-3 (Groundball, 6MS, EV 76.9 MPH)
|
Batting: RHB Caleb Mercer
|
0-0: Ball 1-0: Called Strike 1-1: Ball 2-1: Called Strike 2-2: Ground out 1-3 (Groundball, 25, EV 71.2 MPH)
|
Batting: RHB Allen Jarvis
|
0-0: Ball 1-0: Ground out 4-3 (Groundball, 4, EV 83.8 MPH)
|
Top of the 3rd over - 0 runs, 0 hits, 0 errors, 0 left on base; Rice University 1 - Fresno State University 0 |
BOTTOM OF THE 3RD |
Fresno State University Bulldogs batting - Pitching for Rice University Owls : RHP Frank Renteria
|
Batting: RHB Sinfronio Carreon
|
0-0: Foul Ball, location: 2F 0-1: Ball 1-1: Called Strike 1-2: SINGLE (Line Drive, 9S, EV 86.9 MPH)
|
Batting: LHB Ollie Strauss
|
0-0: Ball 1-0: Ball 2-0: Ball 3-0: Called Strike 3-1: Ground out 5-3 (Groundball, 5L, EV 79.4 MPH) Sinfronio Carreon to second
|
Batting: SHB Carlton Stannard
|
0-0: Called Strike 0-1: Ball 1-1: Swinging Strike 1-2: Ball 2-2: Ball 3-2: Strikes out swinging
|
Batting: LHB Abraham Batista
|
0-0: Called Strike 0-1: Foul Ball, location: 2F 0-2: Ball 1-2: Foul Ball, location: 2F 1-2: Ball 2-2: Foul Ball, location: 2F 2-2: Ball 3-2: DOUBLE (Groundball, 3L, EV 97.5 MPH) Sinfronio Carreon scores
|
Batting: RHB Danilo Baldia
|
0-0: Ball 1-0: Swinging Strike 1-1: SINGLE (Flyball, 8LS, EV 91.2 MPH) Abraham Batista to third Runner from 3rd tries for Home, SAFE, throw by CF to home
|
Batting: LHB Brad Benanti
|
0-0: Ball 1-0: Foul Ball, location: 2F 1-1: Swinging Strike 1-2: Strikes out swinging
|
Bottom of the 3rd over - 2 runs, 3 hits, 0 errors, 1 left on base; Rice University 1 - Fresno State University 2 |
TOP OF THE 4TH |
Rice University Owls batting - Pitching for Fresno State University Bulldogs : RHP Melvin Palacios
|
Batting: SHB Ken Wilson
|
0-0: Foul Ball, location: 2F 0-1: Swinging Strike 0-2: Ball 1-2: Ball 2-2: Ball 3-2: DOUBLE (Flyball, 8LXD, EV 88.1 MPH)
|
Batting: SHB Dave Van Sickle
|
0-0: Ball 1-0: Foul Ball, location: 2F 1-1: Called Strike 1-2: Ball 2-2: Fly out, F9 (Flyball, 89M, EV 88.1 MPH)
|
Batting: RHB Neil Worth
|
0-0: Ball 1-0: Called Strike 1-1: Ball 2-1: Ground out U3 (Groundball, 34, EV 103.8 MPH) Ken Wilson to third
|
Batting: RHB Javier Quinones
|
0-0: Ball 1-0: Fly out, F9 (Flyball, 9LSF, EV 89.4 MPH)
|
Top of the 4th over - 0 runs, 1 hit, 0 errors, 1 left on base; Rice University 1 - Fresno State University 2 |
BOTTOM OF THE 4TH |
Fresno State University Bulldogs batting - Pitching for Rice University Owls : RHP Frank Renteria
|
Batting: RHB Tony Nowak
|
0-0: Foul Ball, location: 2F 0-1: Fly out, F8 (Flyball, 8RD, EV 106.9 MPH)
|
Batting: LHB Moktar Ame
|
0-0: Ball 1-0: Called Strike 1-1: Called Strike 1-2: Ball 2-2: Fly out, F8 (Flyball, 78M, EV 90.0 MPH)
|
Batting: RHB Charles Shaw
|
0-0: Foul Ball, location: 2F 0-1: Ball 1-1: DOUBLE (Flyball, 8LXD, EV 108.1 MPH)
|
Batting: RHB Sinfronio Carreon
|
0-0: Called Strike 0-1: Foul Ball, location: 2F 0-2: SINGLE (Groundball, 4D, EV 98.8 MPH) Charles Shaw to third Runner from 3rd tries for Home, SAFE, throw by CF to home
|
Batting: LHB Ollie Strauss
|
0-0: Ball 1-0: Ball 2-0: Foul Ball, location: 2F 2-1: Ball 3-1: Foul Ball, location: 2F 3-2: Foul Ball, location: 2F 3-2: Foul Ball, location: 2F 3-2: Foul Ball, location: 2F 3-2: Foul Ball, location: 2F 3-2: Base on Balls Sinfronio Carreon to second
|
Pitching: RHP Antonio Ybarra
|
|
Batting: SHB Carlton Stannard
|
0-0: Called Strike 0-1: Ball 1-1: Ball 2-1: Called Strike 2-2: Ball 3-2: Foul Ball, location: 2F 3-2: Base on Balls Sinfronio Carreon to third Ollie Strauss to second
|
Batting: LHB Abraham Batista
|
0-0: Ball 1-0: Foul Ball, location: 2F 1-1: Ground out U3 (Groundball, 13, EV 86.9 MPH)
|
Bottom of the 4th over - 1 run, 2 hits, 0 errors, 3 left on base; Rice University 1 - Fresno State University 3 |
TOP OF THE 5TH |
Rice University Owls batting - Pitching for Fresno State University Bulldogs : RHP Melvin Palacios
|
Batting: RHB Bill Turcotte
|
0-0: Ball 1-0: Fly out, F9 (Flyball, 89D, EV 95.0 MPH)
|
Batting: RHB Emanuel Pulido
|
0-0: Called Strike 0-1: Ball 1-1: Swinging Strike 1-2: Ball 2-2: Foul Ball, location: 2F 2-2: Fly out, F7 (Line Drive, 7LM, EV 108.1 MPH)
|
Batting: LHB Dejenie Mensah
|
0-0: Ball 1-0: Swinging Strike 1-1: Ground out 6-3 (Groundball, 6, EV 88.8 MPH)
|
Top of the 5th over - 0 runs, 0 hits, 0 errors, 0 left on base; Rice University 1 - Fresno State University 3 |
BOTTOM OF THE 5TH |
Fresno State University Bulldogs batting - Pitching for Rice University Owls : RHP Antonio Ybarra
|
Batting: RHB Danilo Baldia
|
0-0: Foul Ball, location: 2F 0-1: Swinging Strike 0-2: Strikes out swinging
|
Batting: LHB Brad Benanti
|
0-0: Ball 1-0: Ball 2-0: Called Strike 2-1: Foul Ball, location: 2F 2-2: Ball 3-2: Foul Ball, location: 2F 3-2: Foul Ball, location: 2F 3-2: Base on Balls
|
Pitching: RHP Ben Filippone
|
|
Batting: RHB Tony Nowak
|
0-0: Foul Ball, location: 2F 0-1: Foul Ball, location: 2F 0-2: Foul Ball, location: 2F 0-2: Foul Ball, location: 2F 0-2: Foul Ball, location: 2F 0-2: Foul Ball, location: 2F 0-2: Ball 1-2: Foul Ball, location: 2F Pickoff Throw to First - Out! 1-3 1-2: Fly out, F7 (Flyball, 7, EV 90.0 MPH)
|
Bottom of the 5th over - 0 runs, 0 hits, 0 errors, 0 left on base; Rice University 1 - Fresno State University 3 |
TOP OF THE 6TH |
Rice University Owls batting - Pitching for Fresno State University Bulldogs : RHP Melvin Palacios
|
Batting: RHB Caleb Mercer
|
0-0: Ball 1-0: Fly out, F3 (Popup, 3F, EV 70.6 MPH)
|
Batting: RHB Allen Jarvis
|
0-0: Ball 1-0: Called Strike 1-1: Ball 2-1: Foul Ball, location: 2F 2-2: Foul Ball, location: 2F 2-2: Foul Ball, location: 2F 2-2: Ball 3-2: Strikes out swinging
|
Batting: SHB Ken Wilson
|
0-0: Called Strike 0-1: Foul Ball, location: 2F 0-2: Ball 1-2: Ball 2-2: Ground out 4-3 (Groundball, 4, EV 86.9 MPH)
|
Top of the 6th over - 0 runs, 0 hits, 0 errors, 0 left on base; Rice University 1 - Fresno State University 3 |
BOTTOM OF THE 6TH |
Fresno State University Bulldogs batting - Pitching for Rice University Owls : RHP Ben Filippone
|
Batting: LHB Moktar Ame
|
0-0: Ball 1-0: Foul Ball, location: 2F 1-1: Called Strike 1-2: Ground out U3 (Groundball, 3, EV 88.8 MPH)
|
Batting: RHB Charles Shaw
|
0-0: Ball 1-0: Called Strike 1-1: Ground out 4-3 (Groundball, 4, EV 107.5 MPH)
|
Batting: RHB Sinfronio Carreon
|
0-0: Called Strike 0-1: Foul Ball, location: 2F 0-2: Ball 1-2: Ground out 3-1 (Groundball, 34, EV 102.5 MPH)
|
Bottom of the 6th over - 0 runs, 0 hits, 0 errors, 0 left on base; Rice University 1 - Fresno State University 3 |
TOP OF THE 7TH |
Rice University Owls batting - Pitching for Fresno State University Bulldogs : RHP Melvin Palacios
|
Pitching: RHP Alex Gutierrez
|
|
Batting: SHB Dave Van Sickle
|
0-0: Ball 1-0: Ball 2-0: Called Strike 2-1: Ball 3-1: Base on Balls
|
Batting: RHB Neil Worth
|
0-0: SINGLE (Flyball, 4D, EV 88.1 MPH) Dave Van Sickle to second
|
Batting: RHB Javier Quinones
|
0-0: Ball Wild Pitch! Dave Van Sickle to third Neil Worth to second 1-0: Ball 2-0: Called Strike 2-1: SINGLE (Groundball, 6MD, EV 96.2 MPH) Dave Van Sickle scores Neil Worth to third Runner from 3rd tries for Home, SAFE, throw by CF to home
|
Batting: RHB Bill Turcotte
|
0-0: Fly out, F8 (Flyball, 8RD, EV 86.9 MPH)
|
Pinch Hitting: SHB Wendel van Baal
|
0-0: Ball 1-0: Called Strike 1-1: Called Strike 1-2: Fly out, F8 (Flyball, 8LXD, EV 108.8 MPH)
|
Batting: LHB Dejenie Mensah
|
0-0: Foul Ball, location: 2F 0-1: Ball 1-1: Ball 2-1: Fly out, F3 (Popup, 3SF, EV 66.2 MPH)
|
Top of the 7th over - 2 runs, 2 hits, 0 errors, 1 left on base; Rice University 3 - Fresno State University 3 |
BOTTOM OF THE 7TH |
Fresno State University Bulldogs batting - Pitching for Rice University Owls : RHP Ben Filippone
|
Pitching: LHP Jose Ruiz
|
|
Now at 2B: Alex Alvarez
|
|
Batting: LHB Ollie Strauss
|
0-0: Fly out, F8 (Flyball, 8RM, EV 88.8 MPH)
|
Batting: SHB Carlton Stannard
|
0-0: Called Strike 0-1: Foul Ball, location: 2F 0-2: Ground out 6-3 (Groundball, 6, EV 105.6 MPH)
|
Batting: LHB Abraham Batista
|
0-0: Called Strike 0-1: Ball 1-1: Called Strike 1-2: Foul Ball, location: 2F 1-2: Fly out, F7 (Flyball, 78M, EV 84.4 MPH)
|
Bottom of the 7th over - 0 runs, 0 hits, 0 errors, 0 left on base; Rice University 3 - Fresno State University 3 |
TOP OF THE 8TH |
Rice University Owls batting - Pitching for Fresno State University Bulldogs : RHP Alex Gutierrez
|
Pitching: RHP Antonio Levario
|
|
Batting: RHB Caleb Mercer
|
0-0: Called Strike 0-1: Ball 1-1: Foul Ball, location: 2F 1-2: TRIPLE (Flyball, 9LD, EV 104.4 MPH)
|
Batting: RHB Allen Jarvis
|
0-0: Called Strike 0-1: Swinging Strike 0-2: Strikes out swinging
|
Batting: SHB Ken Wilson
|
0-0: Intentional Walk
|
Batting: SHB Dave Van Sickle
|
0-0: Ball 1-0: Called Strike 1-1: Ball 2-1: Ball 3-1: Base on Balls Ken Wilson to second
|
Pitching: RHP Andy Dozier
|
|
Batting: RHB Neil Worth
|
0-0: Grounds into double play, 2-3 (Groundball, 15S, EV 66.9 MPH)
|
Top of the 8th over - 0 runs, 1 hit, 0 errors, 2 left on base; Rice University 3 - Fresno State University 3 |
BOTTOM OF THE 8TH |
Fresno State University Bulldogs batting - Pitching for Rice University Owls : LHP Jose Ruiz
|
Pitching: LHP Shan Ping
|
|
Batting: RHB Danilo Baldia
|
0-0: Ball 1-0: Called Strike 1-1: Ball 2-1: Ground out 5-3 (Groundball, 56S, EV 87.5 MPH)
|
Pinch Hitting: RHB Sandy Munoz
|
0-0: Foul Ball, location: 2F 0-1: Ground out 5-3 (Groundball, 5, EV 88.1 MPH)
|
Batting: RHB Tony Nowak
|
0-0: Ball 1-0: Ball 2-0: Foul Ball, location: 2F 2-1: Ball 3-1: Base on Balls
|
Batting: LHB Moktar Ame
|
0-0: Called Strike 0-1: Ball 1-1: Swinging Strike 1-2: Strikes out looking
|
Bottom of the 8th over - 0 runs, 0 hits, 0 errors, 1 left on base; Rice University 3 - Fresno State University 3 |
TOP OF THE 9TH |
Rice University Owls batting - Pitching for Fresno State University Bulldogs : RHP Andy Dozier
|
Now at 3B: John Chapman
|
|
Batting: RHB Javier Quinones
|
0-0: Called Strike 0-1: Ball 1-1: Ball 2-1: SOLO HOME RUN (Flyball, 78XD, EV 107.5 MPH), Distance : 422 ft
|
Batting: RHB Bill Turcotte
|
0-0: Ball 1-0: Ball 2-0: DOUBLE (Flyball, 8RXD, EV 96.9 MPH)
|
Batting: RHB Alex Alvarez
|
0-0: Intentional Walk
|
Batting: LHB Dejenie Mensah
|
0-0: Sac Bunt to 25 - play at first, batter safe! Bill Turcotte to third Alex Alvarez to second
|
Batting: RHB Caleb Mercer
|
0-0: Called Strike 0-1: Ball 1-1: Swinging Strike 1-2: Ball 2-2: Ball 3-2: Strikes out swinging
|
Batting: RHB Allen Jarvis
|
0-0: Called Strike 0-1: Ball 1-1: Fly out, F8 (Flyball, 8LD, EV 98.8 MPH) Runner from 3rd tags up, SCORES, throw by CF Alex Alvarez to third
|
Batting: SHB Ken Wilson
|
0-0: Ball 1-0: Fly out, F7 (Line Drive, 78D, EV 92.5 MPH)
|
Top of the 9th over - 2 runs, 3 hits, 0 errors, 2 left on base; Rice University 5 - Fresno State University 3 |
BOTTOM OF THE 9TH |
Fresno State University Bulldogs batting - Pitching for Rice University Owls : LHP Shan Ping
|
Batting: RHB Charles Shaw
|
0-0: Foul Ball, location: 2F 0-1: Ball 1-1: Called Strike 1-2: Ball 2-2: Ball 3-2: Base on Balls
|
Batting: RHB Sinfronio Carreon
|
0-0: Ball 1-0: Ball 2-0: Called Strike 2-1: Foul Ball, location: 2F 2-2: TRIPLE (Flyball, 8LD, EV 105.0 MPH) Charles Shaw scores
|
Batting: LHB Ollie Strauss
|
0-0: Called Strike 0-1: Ball 1-1: Called Strike 1-2: Foul Ball, location: 2F 1-2: Ball 2-2: Strikes out swinging
|
Batting: SHB Carlton Stannard
|
0-0: Foul Ball, location: 2F 0-1: Swinging Strike 0-2: Ground out 5-3 (Groundball, 5S, EV 83.1 MPH)
|
Batting: LHB Abraham Batista
|
0-0: Ball 1-0: Foul Ball, location: 2F 1-1: Swinging Strike 1-2: Foul Ball, location: 2F 1-2: Foul Ball, location: 2F 1-2: Fly out, F9 (Flyball, 89S, EV 84.4 MPH)
|
Bottom of the 9th over - 1 run, 1 hit, 0 errors, 1 left on base; Rice University 5 - Fresno State University 4 |
|